 Dungeon Crawl Stone Soup version 0.29.1-1-gd02db6906a (webtiles) character file.

Game seed: 15345299043702084774

4752 Earthwalker the Protected (level 10, -3/95 HPs)
             Began as a Minotaur Fighter on Oct 15, 2022.
             Was a Believer of Okawaru.
             Slain by a vault guard
             ... wielding a +0 broad axe
              (12 damage)
             ... in a bailey.
             The game lasted 00:35:17 (9043 turns).

Earthwalker the Protected (Minotaur Fighter)        Turns: 9043, Time: 00:35:18

Health: -3/95      AC:  9    Str: 24 (25) XL:     10   Next: 23%
Magic:  9/9        EV: 13    Int:  7 (9)  God:    Okawaru [**....]
Gold:   528        SH: 10    Dex:  9 (10) Spells: 7/9 levels left

rFire   . . .      SeeInvis .   I - +2 hand axe (vorpal)
rCold   . . .      Faith    .   c - +1 buckler
rNeg    . . .      Spirit   .   b - +0 scale mail
rPois   +          Reflect  +   (helmet restricted)
rElec   .          Harm     .   g - scarf {repulsion}
rCorr   .          Rampage  .   (no gloves)
Will    .....                   (no boots)
Stlth   ..........              h - amulet of Departure {Reflect Int+4 SH+5}
HPRegen 0.25/turn               j - +4 ring of evasion
MPRegen 0.11/turn               z - ring of poison resistance

@: repel missiles
A: horns 2, retaliatory headbutt
a: Renounce Religion, Heroism


You were in a bailey.
You worshipped Okawaru.
Okawaru was pleased with you.
You visited 2 branches of the dungeon, and saw 9 of its levels.
You also visited: Bailey.

You collected 528 gold pieces.

Inventory:

Hand Weapons
 a - a +0 war axe
 H - a +3 hand axe
 I - a +2 vorpal hand axe (weapon)
Missiles
 f - 8 poisoned darts (quivered)
 p - 6 atropa-tipped darts
 v - 6 boomerangs
 A - 7 javelins
Armour
 b - a +0 scale mail (worn)
 c - a +1 buckler (worn)
 g - a scarf of repulsion (worn)
Jewellery
 h - the amulet of Departure (around neck) {Reflect Int+4 SH+5}
   (You acquired it on level 2 of the Dungeon)

   [amulet of reflection]

   It reflects blocked missile attacks.
   Int:       It affects your intelligence (+4).
   SH:        It affects your SH (+5).
 j - a +4 ring of evasion (left hand)
 z - a ring of poison resistance (right hand)
 B - an amulet of regeneration
Scrolls
 i - 4 scrolls of butterflies
 l - a scroll of immolation
 n - a scroll of enchant weapon {unknown}
 q - a scroll of brand weapon {unknown}
 s - 3 scrolls of enchant armour
 t - a scroll of fear
 x - a scroll of vulnerability
 y - 2 scrolls of noise
 D - a scroll of magic mapping
 E - 2 scrolls of teleportation
Potions
 d - 2 potions of might
 e - 2 potions of mutation
 k - 3 potions of curing
 m - 3 potions of lignification
 o - 2 potions of attraction
 r - a potion of berserk rage
 u - 3 potions of heal wounds {unknown}
 w - 3 potions of degeneration
 C - a potion of invisibility {unknown}
 F - a potion of ambrosia {unknown}
 G - a potion of flight {unknown}


   Skills:
 * Level 11.0 Fighting
 * Level 10.6 Axes
 * Level 11.1 Armour
 - Level 3.6 Shields


You had 7 spell levels left.
You knew the following spells:

 Your Spells              Type           Power      Damage    Failure   Level
a - Blink                 Tloc           0%         N/A       88%         2

Your spell library contained the following spells:

 Spells                   Type           Power      Damage    Failure   Level
 Poisonous Vapours        Pois/Air       0%         N/A       88%         2
 Lesser Beckoning         Tloc           0%         N/A       98%         3
 Corpse Rot               Necr/Pois/Air  0%         N/A       100%        4
 Manifold Assault         Tloc           0%         N/A       100%        5


Dungeon Overview and Level Annotations

Branches:
Dungeon (8/15)             Temple (1/1) D:6          Bailey (1/1)
   Lair: D:8-11

Altars:
Ashenzari
Cheibriados
Dithmenos
Elyvilon
Fedhas
Gozag
Hepliaklqana
Kikubaaqudgha
Okawaru
Qazlal
Ru
Sif Muna
Trog
Uskayaw
Vehumet
Wu Jian
Xom
Yredelemnul
Zin
The Shining One

Shops:
D:1 *   D:3 *:   D:8 !

Annotations:
D:6 2 transporters


Innate Abilities, Weirdness & Mutations

You have a pair of horns on your head.
You reflexively headbutt those who attack you in melee.


Message History

The vault guard splashes around in the water.
You hit the vault guard but do no damage.
The vault guard is lightly wounded.
The vault guard hits you with a +0 broad axe!
You slash the vault guard!
The vault guard is moderately wounded.
The vault guard hits you with a +0 broad axe!
You hit the vault guard.
The vault guard is moderately wounded.
You hit the vault guard but do no damage.
You headbutt the vault guard.
The vault guard is heavily wounded.
The vault guard splashes around in the water.
You slash the vault guard! Your headbutt misses the vault guard.
The vault guard is heavily wounded.
You block the vault guard's attack.
You hit the vault guard. Your headbutt misses the vault guard.
The vault guard is severely wounded.
The vault guard hits you with a +0 broad axe.
You closely miss the vault guard.
The vault guard is severely wounded.
The vault guard hits you with a +0 broad axe!
You hit the vault guard.
The vault guard is severely wounded.
The vault guard hits you with a +0 broad axe!
You barely miss the vault guard. You headbutt the vault guard.
The vault guard is almost dead.
You hit the vault guard but do no damage.
You headbutt the vault guard, but do no damage.
The vault guard is almost dead.
The vault guard hits you with a +0 broad axe!
* * * LOW HITPOINT WARNING * * *
You hit the vault guard.
The vault guard is almost dead.
The vault guard hits you with a +0 broad axe!
* * * LOW HITPOINT WARNING * * *
You hit the vault guard. Your headbutt misses the vault guard.
The vault guard is almost dead.
The vault guard hits you with a +0 broad axe!
You die...

########## ##~~~##...##
#~~~~~#....##
#####~~~~p@.....##
##...##~~~~#).....#
#..∩..))~~##....#######
#....)######..###≈≈≈≈≈#
#..∩..[.p..#'##≈≈~~~~~≈
##...##......#≈~~~~~~~~
#####.......##≈~~~~~~~
#...#######≈~..~...
#..##..#≈≈≈~.....~.


You could see a vault guard.

Vanquished Creatures
  Pikel (D:7)
  Prince Ribbit (D:7)
  A blink frog (Bailey)
  Sigmund (D:3)
  5 yaks (D:5)
  4 humans (Bailey)
  An acid dragon (D:8)
  Duvessa (D:7)
  A water moccasin (D:6)
  An orc warrior (Bailey)
  An ice beast (D:6)
  A black bear (D:6)
  2 ogres (D:4)
  3 centaurs
  A lemure (D:7)
  Blork the orc (D:4)
  4 bullfrogs (Bailey)
  A necrophage (D:7)
  A scorpion (D:6)
  3 wights (D:7)
  Dowan (D:7)
  2 jellies
  4 hounds
  2 orc priests (D:4)
  Crazy Yiuf (D:2)
  Natasha (D:3)
  Terence (D:3)
  4 iguanas
  6 orc wizards
  Robin (D:2)
  A gnoll (Bailey)
  16 adders
  A shadow imp (D:4)
  A white imp (D:6)
  A worm (D:2)
  A dart slug (D:3)
  17 orcs
  10 ball pythons
  8 endoplasms
  2 giant cockroaches (D:4)
  21 goblins
  6 hobgoblins
  2 jackals (D:1)
  4 kobolds
  3 quokkas
  2 bats
  4 frilled lizards
  2 rats
160 creatures vanquished.

Vanquished Creatures (others)
  5 fungi (D:2)
  7 plants (D:7)
12 creatures vanquished.

Grand Total: 172 creatures vanquished

Notes
Turn   | Place    | Note
-------+----------+-------------------------------------------
     0 | D:1      | Earthwalker the Minotaur Fighter began the quest for the
                  | Orb.
     0 | D:1      | Reached XP level 1. HP: 19/19 MP: 0/0
    45 | D:1      | Found Hotaxa's Assorted Antiques.
   225 | D:1      | Reached XP level 2. HP: 27/27 MP: 1/1
   292 | D:1      | Found a faded altar of an unknown god.
   547 | D:2      | Identified a scroll of acquirement
   547 | D:2      | Acquired the amulet of Departure {Reflect Int+4 SH+5}
   594 | D:2      | Identified the +0 helmet "Ilaskynn" {rPois rF+ Regen+
                  | Str-2}
   594 | D:2      | Noticed Robin
   599 | D:2      | Reached XP level 3. HP: 29/33 MP: 2/2
   606 | D:2      | Killed Robin
  1146 | D:2      | Reached XP level 4. HP: 40/41 MP: 3/3
  1299 | D:2      | Found a runed translucent door.
  1300 | D:2      | Noticed Crazy Yiuf
  1312 | D:2      | Learned a level 2 spell: Blink
  2869 | D:2      | Killed Crazy Yiuf
  3030 | D:3      | Noticed Terence
  3039 | D:3      | Killed Terence
  3040 | D:3      | Reached skill level 5 in Fighting
  3040 | D:3      | Reached XP level 5. HP: 40/48 MP: 4/4
  3244 | D:3      | Reached skill level 5 in Armour
  3396 | D:3      | Noticed Natasha
  3428 | D:3      | Killed Natasha
  3537 | D:3      | Found a faded altar of an unknown god.
  3539 | D:3      | Found a hazy altar of Hepliaklqana.
  3644 | D:3      | Found Isaoruah's Assorted Antiques.
  3708 | D:3      | Noticed Sigmund
  3717 | D:3      | Killed Sigmund
  3718 | D:3      | Reached skill level 5 in Axes
  3718 | D:3      | Reached XP level 6. HP: 49/57 MP: 5/5
  3863 | D:3      | Found Vetra's Book Boutique.
  4439 | D:4      | Reached XP level 7. HP: 63/63 MP: 6/6
  4619 | D:4      | Noticed Blork the orc
  4629 | D:4      | Killed Blork the orc
  4960 | D:4      | Found a broken altar of Ashenzari.
  5227 | D:5      | Entered Level 5 of the Dungeon
  5463 | D:5      | Noticed a yak
  5478 | D:5      | Killed a yak
  5479 | D:5      | Reached XP level 8. HP: 65/73 MP: 7/7
  6288 | D:6      | Found a shimmering altar of Xom.
  6427 | D:6      | Reached XP level 9. HP: 83/83 MP: 8/8
  6436 | D:6      | Found a blossoming altar of Fedhas.
  6436 | D:6      | Found a glowing silver altar of Zin.
  6436 | D:6      | Found an ornate altar of the Wu Jian Council.
  6438 | D:6      | Noticed a six-headed hydra
  6440 | D:6      | Found a transporter.
  6490 | D:6      | Found a transporter.
  6637 | D:6      | Found a staircase to the Ecumenical Temple.
  6853 | Temple   | Entered the Ecumenical Temple
  6884 | Temple   | Became a worshipper of Warmaster Okawaru
  6919 | D:7      | Noticed Pikel
  6927 | D:7      | Killed Pikel
  7006 | D:7      | Noticed Duvessa
  7006 | D:7      | Noticed Dowan
  7027 | D:7      | Killed Duvessa
  7027 | D:7      | Killed Dowan
  7052 | D:7      | Reached * piety under Okawaru
  7060 | D:7      | Reached skill level 10 in Armour
  7130 | D:7      | Reached skill level 10 in Fighting
  7570 | D:7      | Noticed Prince Ribbit
  7601 | D:7      | Killed Prince Ribbit
  7602 | D:7      | Reached skill level 10 in Axes
  7981 | D:8      | Found Fisoc's Distillery.
  8026 | D:8      | Found a flagged portal.
  8040 | Bailey   | Entered a bailey
  8087 | Bailey   | Reached ** piety under Okawaru
  8094 | Bailey   | Reached XP level 10. HP: 26/94 MP: 9/9
  8731 | Bailey   | Noticed a vault guard
  9043 | Bailey   | Slain by a vault guard

Illustrated notes

Levels and vault maps discovered:
D:1:      zelgadis_glass_arrival_small, layout_basic,
          hellmonk_ecumenical_altar_run_dry, serial_shops,
          nicolae_shop_advertising_works [nicolae_subvault_shop_adworks]
D:2:      layout_loops_cross, serial_glass, glass_columns_b, glass_columns_c,
          due_unseen_surprise, item_on_display_a, feat_on_display,
          item_on_display_a, glass_columns_a, uniq_crazy_yiuf_cottage,
          uniq_robin
D:3:      layout_loops_corners, beargit_hepliaklqana_dungeon_heroes,
          serial_shops, shop_statue, nicolae_shop_hallway_stairs,
          minmay_snake_closets, uniq_natasha, uniq_terence, uniq_sigmund
D:4:      layout_loops_cross, ashenzari_conservatory_becter, uniq_blork_the_orc
D:5:      layout_gridville
D:6:      layout_basic, mainiacjoe_overflow_surrounded_room,
          gammafunk_temple_overflow_arena, temple_statues
D:7:      layout_basic, kennysheep_boxes, uniq_pikel, uniq_prince_ribbit1,
          uniq_duvessa
D:8:      layout_cave_pools, serial_shops, nicolae_shop_behind_doors,
          enter_bailey_3, nicolae_diode_intersection
Temple:   nicolae_temple_ecumenical_triangle
Bailey:   bailey_axe_froggy_fort_hellmonk, bailey

Skill      XL: |  1  2  3  4  5  6  7  8  9 10 |
---------------+-------------------------------+-----
Fighting       | 4 5 6 7 9 10 11 | 11.0
Axes           | 3 4 5 6 8 10 | 10.6
Armour         | 4 5 6 7 9 10 11 | 11.1
Shields        | |  3.6

Action                   |  1- 3 |  4- 6 |  7- 9 | 10-12 || total
-------------------------+-------+-------+-------+-------++-------
Melee: War axe           |    57 |   115 |   216 |       ||   388
       Headbutt          |     9 |    17 |    46 |    11 ||    83
       Hand axe          |       |       |    32 |    77 ||   109
Throw: Dart              |       |     5 |     2 |       ||     7
 Cast: Blink             |       |    20 |       |       ||    20
  Use: Scroll            |     3 |     5 |     9 |     1 ||    18
       Potion            |       |       |       |     1 ||     1
Armor: Scale mail        |    15 |    27 |    48 |     3 ||    93
Dodge: Dodged            |    26 |    50 |    93 |    16 ||   185
       Repelled          |       |     2 |     1 |       ||     3
Block: Buckler           |    25 |    64 |   109 |    17 ||   215
       Reflection        |       |     1 |     3 |       ||     4
